 Dungeon Crawl Stone Soup version 0.29.1-2-gbd0b4ee654 (webtiles) character file.

Game seed: 15911843190030218955

1246 brog198 the Shield-Bearer (level 8, -7/71 HPs)
             Began as a Minotaur Fighter on Nov 28, 2022.
             Mangled by Prince Ribbit (17 damage)
             ... on level 5 of the Dungeon.
             The game lasted 00:02:46 (5848 turns).

brog198 the Shield-Bearer (Minotaur Fighter)        Turns: 5848, Time: 00:02:47

Health: -7/71      AC:  7    Str: 23    XL:     8   Next: 25%
Magic:  7/7        EV:  9    Int:  5    God:
Gold:   353        SH:  5    Dex: 10    Spells: 7/7 levels left

rFire   . . .      SeeInvis .   a - +0 war axe
rCold   . . .      Faith    .   c - +0 buckler
rNeg    . . .      Spirit   .   b - +0 scale mail
rPois   .          Reflect  .   (helmet restricted)
rElec   .          Harm     .   (no cloak)
rCorr   .          Rampage  .   (no gloves)
Will    .....                   (no boots)
Stlth   ..........              (no amulet)
HPRegen 0.21/turn               (no ring)
MPRegen 0.10/turn               (no ring)

@: no status effects
A: horns 2, retaliatory headbutt
a: no special abilities


You were on level 5 of the Dungeon.
You visited 1 branch of the dungeon, and saw 5 of its levels.

You collected 353 gold pieces.

Inventory:

Hand Weapons
 a - a +0 war axe (weapon)
Armour
 b - a +0 scale mail (worn)
 c - a +0 buckler (worn)
Scrolls
 e - 2 scrolls of acquirement {unknown}
 g - 4 scrolls of enchant armour {unknown}
 h - 9 scrolls of identify {unknown}
 j - 3 scrolls of fear {unknown}
 k - a scroll of brand weapon {unknown}
 l - a scroll of teleportation {unknown}
 n - a scroll of butterflies {unknown}
 p - 2 scrolls of enchant weapon {unknown}
 r - a scroll of torment {unknown}
 s - a scroll of magic mapping {unknown}
 t - a scroll of silence {unknown}
Potions
 d - a potion of might
 f - 3 potions of cancellation {unknown}
 i - a potion of lignification {unknown}
 m - 2 potions of mutation {unknown}
 o - 2 potions of curing
 q - a potion of brilliance


   Skills:
 + Level 6.9 Fighting
 + Level 6.3 Axes
 + Level 7.0 Armour
 + Level 7.0 Shields


You had 7 spell levels left.
You didn't know any spells.
Your spell library was empty.

Dungeon Overview and Level Annotations

Branches:
Dungeon (5/15)             Temple (0/1) D:4

Altars:
Sif Muna
Xom
Zin

Annotations:
D:5 1 runed translucent door, Crazy Yiuf, Prince Ribbit


Innate Abilities, Weirdness & Mutations

You have a pair of horns on your head.
You reflexively headbutt those who attack you in melee.


Message History

Prince Ribbit is nearby!
You miss Prince Ribbit.
Prince Ribbit is heavily wounded.
Prince Ribbit hits you!
Prince Ribbit is nearby!
You closely miss Prince Ribbit.
Prince Ribbit is heavily wounded.
Prince Ribbit hits you! x2
Prince Ribbit is nearby!
You are too injured to fight recklessly!
Prince Ribbit is nearby!
You are too injured to fight recklessly!
Prince Ribbit is nearby!
You are too injured to fight recklessly!
Prince Ribbit is nearby!
You are too injured to fight recklessly!
Prince Ribbit is nearby!
You are too injured to fight recklessly!
Prince Ribbit is nearby!
You are too injured to fight recklessly!
Prince Ribbit is nearby!
You are too injured to fight recklessly!
Prince Ribbit is nearby!
You are too injured to fight recklessly!
You completely miss Prince Ribbit. Your headbutt misses Prince Ribbit.
Prince Ribbit is heavily wounded.
Prince Ribbit hits you but does no damage. x2
You closely miss Prince Ribbit.
You headbutt Prince Ribbit, but do no damage.
Prince Ribbit is heavily wounded.
Prince Ribbit blinks!
Prince Ribbit hits you! Prince Ribbit barely misses you.
You hit Prince Ribbit.
Prince Ribbit is heavily wounded.
Prince Ribbit hits you but does no damage.
You slash Prince Ribbit!
Prince Ribbit is almost dead.
Prince Ribbit blinks!
Prince Ribbit hits you!
You die...

#### ### ...# ##.### .
..## #....######.. ..#
#.ยง..#....... ..#
####F@..#.......
..##########.......'.#
.........+.#.##....###
#.###.####.#'###+###
....#..#.....#
...[##.'.....##+##
....####.....#...#
....######.#'#...#+#
..#..+...+.#.......#


You could see Prince Ribbit.

Vanquished Creatures
  Grinder (D:5)
  Menkaure (D:5)
  Edmund (D:5)
  A black bear (D:5)
  2 phantoms
  2 scorpions (D:5)
  An orc priest (D:3)
  2 hounds
  An iguana (D:5)
  2 orc wizards
  4 gnolls (D:4)
  10 adders
  A river rat (D:3)
  3 worms
  4 dart slugs
  15 orcs
  5 endoplasms
  3 giant cockroaches
  10 goblins
  13 hobgoblins
  12 kobolds
  8 quokkas
  7 ball pythons
  5 bats
  3 frilled lizards (D:1)
  7 rats
124 creatures vanquished.

Notes
Turn   | Place    | Note
-------+----------+-------------------------------------------
     0 | D:1      | brog198 the Minotaur Fighter began the quest for the Orb.
     0 | D:1      | Reached XP level 1. HP: 19/19 MP: 0/0
   209 | D:1      | Reached XP level 2. HP: 26/27 MP: 1/1
   701 | D:1      | Reached XP level 3. HP: 33/33 MP: 2/2
  1294 | D:2      | Found a glowing silver altar of Zin.
  1896 | D:3      | Reached XP level 4. HP: 22/40 MP: 3/3
  2428 | D:3      | Reached XP level 5. HP: 39/47 MP: 4/4
  2737 | D:3      | Found a shimmering altar of Xom.
  2814 | D:3      | Reached skill level 5 in Armour
  2940 | D:3      | Reached skill level 5 in Shields
  3078 | D:3      | Reached skill level 5 in Fighting
  3271 | D:3      | Found a shimmering blue altar of Sif Muna.
  3371 | D:4      | Found a staircase to the Ecumenical Temple.
  3662 | D:4      | Reached XP level 6. HP: 52/56 MP: 5/5
  4485 | D:5      | Entered Level 5 of the Dungeon
  4509 | D:5      | Noticed Menkaure
  4519 | D:5      | Killed Menkaure
  4520 | D:5      | Reached skill level 5 in Axes
  4520 | D:5      | Reached XP level 7. HP: 13/62 MP: 6/6
  5148 | D:5      | Noticed Grinder
  5149 | D:5      | Paralysed by Grinder for 3 turns
  5172 | D:5      | Killed Grinder
  5173 | D:5      | Reached XP level 8. HP: 27/71 MP: 7/7
  5535 | D:5      | Noticed Edmund
  5546 | D:5      | Killed Edmund
  5655 | D:5      | Found a runed translucent door.
  5656 | D:5      | Noticed Crazy Yiuf
  5832 | D:5      | Noticed Prince Ribbit
  5848 | D:5      | Mangled by Prince Ribbit

Illustrated notes

Levels and vault maps discovered:
D:1:      tarquinn_simple_flora_water_c, layout_loops_corners
D:2:      layout_loops_ring, basic_altar
D:3:      cheibrodos_greedy_goblins, layout_loops_ring,
          mainiacjoe_overflow_swirl, lightli_sewer_entry_pipes,
          kennysheep_generic_room_5
D:4:      layout_loops_ring, minmay_temple_entry_steel_oval,
          kennysheep_generic_room_15
D:5:      nicolae_cairo_tiling_large, layout_basic, uniq_edmund,
          uniq_crazy_yiuf_cottage, uniq_menkaure, uniq_grinder,
          uniq_prince_ribbit1

Skill      XL: |  1  2  3  4  5  6  7  8 |
---------------+-------------------------+-----
Armour         | 4 5 6 7 |  7.0
Shields        | 4 5 6 7 |  7.0
Fighting       | 4 5 6 |  6.9
Axes           | 3 4 5 6 |  6.3

Action                   |  1- 3 |  4- 6 |  7- 9 || total
-------------------------+-------+-------+-------++-------
Melee: War axe           |   103 |   149 |    63 ||   315
       Headbutt          |    14 |    20 |    11 ||    45
  Use: Potion            |     4 |       |       ||     4
Armor: Scale mail        |    46 |    74 |    25 ||   145
Dodge: Dodged            |    42 |    79 |    22 ||   143
Block: Buckler           |    24 |    33 |    10 ||    67
